 Dungeon Crawl Stone Soup version 0.22-a0-460-g49b1da7 (webtiles) character file.

102 epen the Insei (level 4, -1/29 HPs)
             Began as an Octopode Transmuter on June 9, 2018.
             Slain by an adder (3 damage)
             ... on level 2 of the Dungeon.
             The game lasted 00:03:00 (2932 turns).

epen the Insei (Octopode Transmuter)                Turns: 2932, Time: 00:03:01

Health: -1/29      AC:  1    Str:  8 (9)  XL:     4   Next: 78%
Magic:  7/7        EV: 13    Int: 13 (15) God:
Gold:   93         SH:  0    Dex: 11 (13) Spells: 4/8 levels left

rFire    . . .     SeeInvis .     - Unarmed
rCold    . . .     Gourm    .   (no shield)
rNeg     . . .     Faith    .   (helmet restricted)
rPois    .         Spirit   .   h - amulet of inaccuracy (curse)
rElec    .         Reflect  .   (no ring)
rCorr    .         Harm     .   (no ring)
MR       .....                  (no ring)
Stlth    ++........             (no ring)
HPRegen  0.09/turn              (no ring)
MPRegen  0.10/turn              (no ring)
                                (no ring)
                                (no ring)

@: lethally poisoned (-1 -> -8)
A: almost no armour, stealthy swim, amphibious, 8 rings, constrict 8, camouflage
1, deterioration 1, gelatinous body 1
a: no special abilities


You were on level 2 of the Dungeon.
You were hungry.

You visited 1 branch of the dungeon, and saw 2 of its levels.

You collected 93 gold pieces.

Inventory:

Missiles
 a - 12 arrows
Jewellery
 f - an uncursed amulet of rage
 h - a cursed amulet of inaccuracy (around mantle)
Scrolls
 i - a scroll of teleportation
Potions
 d - a potion of haste
 e - a potion of heal wounds
 g - a potion of might
 j - a potion of curing
Comestibles
 c - 3 rations


   Skills:
 + Level 1.9 Fighting
 + Level 2.6 Dodging
 * Level 3.9 Unarmed Combat
 + Level 2.5 Spellcasting
 + Level 2.6 Transmutations


You had 4 spell levels left.
You knew the following spells:

 Your Spells              Type           Power        Failure   Level  Hunger
a - Beastly Appendage     Tmut           #.....       9%          1    #......
b - Spider Form           Tmut/Pois      #.........   38%         3    ###....

Your spell library contained the following spells:

 Spells                   Type           Power        Failure   Level  Hunger
 Blade Hands              Tmut           #.........   92%         5    ######.
 Ice Form                 Ice/Tmut       #.......     80%         4    #####..
 Sticks to Snakes         Tmut           #.......     12%         2    ###....


Dungeon Overview and Level Annotations

Branches:
Dungeon (2/15)

Altars:
Trog
Yredelemnul


Innate Abilities, Weirdness & Mutations

You cannot wear most types of armour.
You are very stealthy in the water. (Stealth+)
You are amphibious.
You can wear up to eight rings at the same time.
You can use your tentacles to constrict eight enemies at once.
Your skin changes colour to match your surroundings (Stealth+).
Your rubbery body absorbs attacks. (AC +1, EV +1)
Your body sometimes deteriorates upon taking damage.


Message History

You feel sick. The adder closely misses you. The adder bites you.
* * * LOW HITPOINT WARNING * * *
You completely miss the adder. Your grab misses the adder.
Your squeeze misses the adder.
The adder is severely wounded.
* * * LOW HITPOINT WARNING * * *
You feel sick. The adder barely misses you.
You miss the adder. Your grab misses the adder.
The adder is severely wounded.
* * * LOW HITPOINT WARNING * * *
You feel sick. The adder completely misses you.
You miss the adder. Your grab misses the adder.
The adder is severely wounded.
The adder bites you.
* * * LOW HITPOINT WARNING * * *
You miss the adder. Your grab misses the adder. Your squeeze misses the adder.
The adder is severely wounded.
* * * LOW HITPOINT WARNING * * *
You feel sick. The adder bites you.
You die...

... ####'###.# ......
#.# #..
......############.#####
#........)..............
#[......>############...
#........#.....#........
..)........# #.#.####...
......S....###.#.#######
.......@.............#
..........####.#.###.#
..........'....#.###+###
..........######........
..........# #........
..........# #........
########### #........
........ ......


You could see an adder.

Vanquished Creatures
  Terence (D:2)
  A gnoll (D:1)
  An adder (D:2)
  A worm (D:2)
  2 dart slugs (D:1)
  5 giant cockroaches (D:1)
  5 goblins
  6 hobgoblins
  5 jackals
  3 kobolds
  10 bats
  10 rats (D:1)
50 creatures vanquished.

Notes
Turn   | Place    | Note
-------+----------+-------------------------------------------
     0 | D:1      | epen the Octopode Transmuter began the quest for the Orb.
     0 | D:1      | Reached XP level 1. HP: 13/13 MP: 3/3
    52 | D:1      | Reached XP level 2. HP: 9/18 MP: 5/5
   718 | D:1      | Gained mutation: Your body sometimes deteriorates upon taking damage. [potion of mutation]
   718 | D:1      | Gained mutation: You evolve. [potion of mutation]
   720 | D:1      | Reached XP level 3. HP: 2/23 MP: 6/6
  1522 | D:1      | Lost mutation: You evolve. [end of evolution]
  2056 | D:2      | Reached XP level 4. HP: 16/29 MP: 7/7
  2330 | D:2      | Noticed Terence
  2654 | D:2      | Learned a level 3 spell: Spider Form
  2664 | D:2      | Found a basalt altar of Yredelemnul.
  2664 | D:2      | Found a bloodstained altar of Trog.
  2861 | D:2      | Killed Terence
  2932 | D:2      | Slain by an adder

Vault maps used:
D:1:      onia_arrival_handbag, minmay_misc_feat_four_crosses
D:2:      gammafunk_temple_overflow_statue, uniq_terence

Action                   |  1- 3 |  4- 6 || total
-------------------------+-------+-------++-------
Melee: Unarmed           |   100 |    50 ||   150
       Tentacles         |    20 |     5 ||    25
       Constrict         |    34 |     4 ||    38
       Punch             |     2 |       ||     2
  Use: Potion            |     3 |       ||     3
       Scroll            |       |     4 ||     4
 Stab: Invisible         |     2 |       ||     2
       Sleeping          |     4 |     1 ||     5
  Eat: Chunk             |     3 |     3 ||     6
Armor: Skin              |    21 |       ||    21
Dodge: Dodged            |    67 |    29 ||    96

Table legend:
 A = Spawn XP
 B = Non-spawn XP
 C = Spawn XP percentage of total XP
 D = Spawn monster count
 E = Non-spawn monster count
 F = Spawn count percentage of total count
 G = Total turns spent on level
                    A         B        C        D         E        F      G
               +---------+---------+-------+---------+---------+-------+---------
         Total |       0 |     147 |   0.0 |       0 |      50 |   0.0 |  2932
               +---------+---------+-------+---------+---------+-------+---------
           D:1 |       0 |      74 |   0.0 |       0 |      36 |   0.0 |  1992
           D:2 |       0 |      73 |   0.0 |       0 |      14 |   0.0 |   940
               +---------+---------+-------+---------+---------+-------+---------
